 Dungeon Crawl Stone Soup version 0.18-a0-1643-gb89d9db (webtiles) character file.

326 Oddball22 the Insei (level 6, -15/50 HPs)
             Began as a Demonspawn Monk on Mar 28, 2016.
             Demolished by an ogre
             ... wielding a cursed -3 giant spiked club
              (29 damage)
             ... on level 4 of the Dungeon.
             The game lasted 00:07:13 (3558 turns).

Oddball22 the Insei (Demonspawn Monk)               Turns: 3558, Time: 00:07:14

Health: -15/50     AC:  3    Str: 13    XL:     6   Next: 24%
Magic:  6/6        EV: 14    Int: 11    God:
Gold:   90         SH:  0    Dex: 16    Spells: 0 memorised, 5 levels left

rFire  . . .     SeeInvis .     u - +1 hand axe (chop)
rCold  . . .     Gourm    .     a - +0 robe
rNeg   . . .     Faith    .     (no shield)
rPois  .         Spirit   .     (no helmet)
rElec  .         Dismiss  .     m - +0 cloak
rCorr  .         Reflect  .     (no gloves)
SustAt .         Harm     .     (no boots)
MR     .....                    (no amulet)
Stlth  +++.......               (no ring)
                                (no ring)

@: not resistant to hostile enchantments, fairly stealthy
A: talons 2, demonic guardian 1, nightstalker 1
a: no special abilities


You were on level 4 of the Dungeon.
You were not hungry.

You visited 1 branch of the dungeon, and saw 4 of its levels.

You collected 90 gold pieces.

Inventory:

Hand Weapons
 u - a +1 hand axe of chopping (weapon)
Missiles
 t - 8 poisoned javelins (quivered)
Armour
 a - a +0 robe (worn)
 h - a +0 buckler
 m - a +0 cloak (worn)
Scrolls
 c - 3 scrolls of identify {unknown}
 d - 3 scrolls of enchant armour {unknown}
 g - a scroll of noise {unknown}
 i - a scroll of fog {unknown}
 q - 2 scrolls of recharging {unknown}
 r - a scroll of immolation {unknown}
 w - a scroll of teleportation {unknown}
 x - a scroll of blinking {unknown}
 y - a scroll of remove curse {unknown}
Potions
 e - a potion of might {unknown}
 f - a potion of haste {unknown}
 k - 3 potions of curing {unknown}
 l - a potion of ambrosia {unknown}
 n - a potion of beneficial mutation {unknown}
 o - a potion of agility {unknown}
 p - 2 potions of heal wounds {unknown}
 z - a potion of lignification
Comestibles
 b - 3 bread rations
 j - a chunk of flesh
 s - 2 meat rations
 v - 12 fruits


   Skills:
 + Level 4.9 Fighting
 + Level 3.9 Dodging
 - Level 1.7 Stealth
 * Level 5.1 Unarmed Combat


You had 5 spell levels left.
You didn't know any spells.

Dungeon Overview and Level Annotations

Branches:
Dungeon (4/15)
 Temple: D:4-7

Altars:
Cheibriados
Dithmenos
Fedhas
Qazlal


Innate Abilities, Weirdness & Mutations

You have razor-sharp toenails.
A weak demonic guardian rushes to your aid.
You are slightly more attuned to the shadows.


Message History

Something hits your iron imp but does no damage.
What do you say? t - Shout!
Orders for allies: a - Attack new target. r - Retreat! s - Stop attacking. w - Wait here. f - Follow me.
Anything else - Stay silent.
Gang up on whom?
Press: ? - help, Dir - move target cursor, f - ogre
Aim: an ogre, wielding a giant spiked club Attack!
Your ufetubus disappears in a puff of smoke!
Something hits your iron imp but does no damage.
Your iron imp barely misses the ogre.
You hit the ogre.
The ogre is lightly wounded.
Something hits your iron imp but does no damage.
The ogre hits you with a giant spiked club!!
Ouch! That really hurt!
You die...

### ..# #########.#
#.........# .## #5#
#..########## .....#5####
#..#......... ........O@.#
#..#.######## ......#5##.#
#............ .....)..##.#
#....###.####
..##.>####.###....###.....
# #..............(......#
##.....................
#####................#
##................
##.####..........


You could see an ogre and 2 friendly iron imps.

Vanquished Creatures
  The ghost of Oddball22 the Insei, an amateur DsMo (D:4)
  An orc priest (D:3)
  An orc wizard (D:3)
  Jessica (D:3)
  Terence (D:2)
  4 gnolls (D:3)
  3 adders
  3 worms (D:2)
  2 dart slugs
  A giant gecko (D:2)
  7 orcs (D:3)
  4 giant cockroaches
  8 goblins
  4 hobgoblins
  8 kobolds
  A quokka (D:3)
  4 bats (D:1)
  2 giant newts
  9 rats
65 creatures vanquished.

Vanquished Creatures (collateral kills)
  An orc wizard (D:3)
1 creature vanquished.

Grand Total: 66 creatures vanquished

Notes
Turn   | Place    | Note
--------------------------------------------------------------
     0 | D:1      | Oddball22 the Demonspawn Monk began the quest for the Orb.
     0 | D:1      | Reached XP level 1. HP: 18/18 MP: 1/1
   326 | D:1      | Gained mutation: You have sharp toenails. [demonic ancestry]
   326 | D:1      | Reached XP level 2. HP: 24/24 MP: 2/2
   842 | D:2      | Noticed Terence
   899 | D:2      | Gained mutation: You have razor-sharp toenails. [demonic ancestry]
   899 | D:2      | Reached XP level 3. HP: 14/30 MP: 3/3
  1177 | D:2      | Found a shadowy altar of Dithmenos.
  1247 | D:2      | Found a stormy altar of Qazlal.
  1340 | D:2      | Killed Terence
  1340 | D:2      | Reached skill level 4 in Unarmed Combat
  1340 | D:2      | Gained mutation: A weak demonic guardian rushes to your aid. [demonic ancestry]
  1340 | D:2      | Reached XP level 4. HP: 9/37 MP: 4/4
  2274 | D:3      | Noticed Jessica
  2284 | D:3      | Killed Jessica
  2488 | D:3      | Reached XP level 5. HP: 11/43 MP: 5/5
  2778 | D:3      | Found a faded altar to an unknown god.
  2853 | D:3      | Found a snail-covered altar of Cheibriados.
  3132 | D:3      | Found a blossoming altar of Fedhas.
  3542 | D:4      | Noticed Oddball22's ghost (amateur DsMo)
  3543 | D:4      | Noticed an ogre
  3554 | D:4      | Killed Oddball22's ghost
  3554 | D:4      | Reached skill level 5 in Unarmed Combat
  3554 | D:4      | Gained mutation: You are slightly more attuned to the shadows. [demonic ancestry]
  3554 | D:4      | Reached XP level 6. HP: 25/50 MP: 6/6
  3558 | D:4      | Demolished by an ogre

Vault maps used:
D:1:      matt_arrival_diagonals, minmay_misc_feat_rows
D:2:      nicolae_dithmenos_shadow_blocks, lemuel_tele_altar, uniq_terence
D:3:      fedhas_altar_fruit_tree, ecumenical_altar_2, first_bread,
          cheibriados_altar_1, uniq_jessica
D:4:      lemuel_round_altar, grunt_pakellas_mercury, uniq_sigmund

Skill      XL: |  1  2  3  4  5 |
---------------+----------------+-----
Dodging        | 3 |  3.9
Fighting       | 4 |  4.9
Unarmed Combat | 4 5 |  5.1
Stealth        | |  1.7

Action                   |  1- 3 |  4- 6 || total
-------------------------+-------+-------++-------
Melee: Unarmed           |    91 |   113 ||   204
       Hand axe          |       |    31 ||    31
  Use: Potion            |     3 |     1 ||     4
 Stab: Sleeping          |     4 |     2 ||     6
       Distracted        |       |     1 ||     1
  Eat: Chunk             |     1 |     7 ||     8
